 Dungeon Crawl Stone Soup version 0.30-a0-652-gcc886f7154 (webtiles) character file.

Game seed: 2519496850668038513

139 tilp the Shield-Bearer (level 5, -8/46 HPs)
             Began as a Meteoran Fighter on Jan 17, 2023.
             Killed from afar by an orc wizard (11 damage)
             ... with a puff of flame
             ... on level 3 of the Dungeon.
             The game lasted 00:02:58 (508 turns).

tilp the Shield-Bearer (Meteoran Fighter)            Turns: 508, Time: 00:02:59

Health: -8/46      AC:  7    Str: 17    XL:     5   Next: 75%
Magic:  6/6        EV: 10    Int:  9    God:
Gold:   63         SH:  6    Dex: 16    Spells: 4/4 levels left

rFire   . . .      SeeInvis .    a - +0 long sword
rCold   . . .      Faith    .    c - +1 buckler
rNeg    + . .      Spirit   .    b - +0 scale mail
rPois   .          Reflect  .    (no helmet)
rElec   .          Harm     .    (no cloak)
rCorr   .          Rampage  .    (no gloves)
Will    .....                    (no boots) Stlth
                                 (no amulet)
HPRegen 0.27/turn                l - ring of positive energy
MPRegen 0.10/turn                (no ring)

@: attractive, glowing
A: sense surroundings 1, otherworldly, glowing, explore regen
a: no special abilities


You were on level 3 of the Dungeon.
You visited 1 branch of the dungeon, and saw 3 of its levels.

You collected 63 gold pieces.

Inventory:

Hand Weapons
 a - a +0 long sword (weapon)
Missiles
 e - 24 stones
 g - 8 poisoned darts (quivered)
 j - 2 boomerangs
Armour
 b - a +0 scale mail (worn)
 c - a +1 buckler (worn)
Jewellery
 l - a ring of positive energy (left hand)
Scrolls
 d - a scroll of identify {unknown}
 i - a scroll of teleportation {unknown}
 k - a scroll of enchant weapon {unknown}
Potions
 m - a potion of haste {unknown}


   Skills:
 + Level 3.9 Fighting
 + Level 3.1 Long Blades
 - Level 4.0 Armour
 * Level 3.4 Dodging
 + Level 1.3 Stealth
 - Level 4.0 Shields


You had 4 spell levels left.
You didn't know any spells.
Your spell library was empty.

Dungeon Overview and Level Annotations

Branches:
Dungeon (3/15) Zot: 1256

Altars:


Innate Abilities, Weirdness & Mutations

You passively map a small area around you.
You are easily found by Zot.
You glow in the dark.
You regain HP and MP as you explore.


Message History

A magic dart appears from out of thin air!
The magic dart hits you.
* * * LOW HITPOINT WARNING * * *
You hit the orc.
You kill the orc!
Something hits you.
* * * LOW HITPOINT WARNING * * *
The orc priest hits you but does no damage.
A rat comes into view.
Unknown command.
It was a potion of attraction.
You feel attractive to monsters. Something hits you.
* * * LOW HITPOINT WARNING * * *
The orc priest is attracted toward you. The rat is attracted toward you.
It was a potion of heal wounds.
You feel much better.
The orc priest hits you with a +1 heavy trident!
Something hits you but does no damage.
A goblin comes into view. It is wielding a +0 club.
The goblin is attracted toward you.
Unknown command.
The goblin shouts!
You slash the orc priest!
The orc priest is severely wounded.
Something hits you.
* * * LOW HITPOINT WARNING * * *
The orc priest hits you with a +1 heavy trident.
* * * LOW HITPOINT WARNING * * *
The goblin is attracted toward you.
You closely miss the orc priest.
The orc priest is severely wounded.
Something hits you.
* * * LOW HITPOINT WARNING * * *
The orc priest calls down the wrath of Beogh upon you.
Pain shoots through your body!
* * * LOW HITPOINT WARNING * * *
You hear some strange, mumbled words.
A puff of flame appears from out of thin air!
The puff of flame hits you!
You die...

*
........##..........#
..[.[...#########.###
..§...# #.# , , ,...o
#.# ##'## #.####
#...#### #....#
#...§gr#########.#
#...##o#.........#
#....#{@...#######
#........#.##
####.#...#...,*
#†##....##.#
#####.†......# #
#......#.#...#,
###.##.....#.#.# *,
#...##...###.#$# ,
####.#####....*


You could see an orc priest, a goblin and a rat.

Vanquished Creatures
  Pargi (D:3)
  2 dart slugs (D:3)
  3 orcs (D:3)
  5 endoplasms (D:1)
  2 giant cockroaches (D:1)
  4 goblins
  3 hobgoblins
  7 jackals (D:1)
  A quokka (D:1)
  A ball python (D:1)
  2 frilled lizards (D:1)
  2 kobolds (D:1)
  A rat (D:1)
34 creatures vanquished.

Notes
Turn   | Place    | Note
-------+----------+-------------------------------------------
     0 | D:1      | tilp the Meteoran Fighter began the quest for the Orb.
     0 | D:1      | Reached XP level 1. HP: 19/19 MP: 2/2
    71 | D:1      | Reached XP level 2. HP: 22/26 MP: 3/3
   132 | D:1      | Reached skill level 1 in Dodging
   191 | D:1      | Reached XP level 3. HP: 25/31 MP: 4/4
   344 | D:3      | Noticed Pargi
   355 | D:3      | Killed Pargi
   356 | D:3      | Reached skill level 1 in Stealth
   356 | D:3      | Reached XP level 4. HP: 12/40 MP: 5/5
   356 | D:3      | Reached XP level 5. HP: 13/46 MP: 6/6
   508 | D:3      | Killed from afar by an orc wizard

Illustrated notes

Levels and vault maps discovered:
D:1:      dpeg_arrival_round_b, layout_rooms
D:2:      layout_basic, uniq_sigmund, uniq_terence
D:3:      layout_basic, corexii_corridor_pit, uniq_robin, uniq_natasha,
          uniq_pargi

Skill      XL: |  1  2  3 |
---------------+----------+-----
Dodging        | 1 3 |  3.4
Long Blades    | 3 |  3.1
Armour         | 4 |  4.0
Stealth        | 1 |  1.3
Shields        | 4 |  4.0
Fighting       | |  3.9

Action                   |  1- 3 |  4- 6 || total
-------------------------+-------+-------++-------
Melee: Long sword        |    91 |    16 ||   107
  Use: Scroll            |     2 |       ||     2
       Potion            |     1 |     2 ||     3
Armor: Scale mail        |    53 |    12 ||    65
Dodge: Dodged            |    55 |     4 ||    59
Block: Buckler           |    31 |     4 ||    35

Table legend: (Time is in decaauts)
 A = Elapsed time spent in this place.
 B = Non-inter-level travel time spent in this place.
 C = Inter-level travel time spent in this place.
 D = Time resting spent in this place.
 E = Time spent auto-exploring this place.
 F = Levels seen in this place.
 G = Mean time per level.
                   A        B        C        D        E       F      G
               +--------+--------+--------+--------+--------+-----+--------+
         Total |    542 |    508 |     34 |      4 |      0 |   3 |  180.7 |
       Dungeon |    542 |    508 |     34 |      4 |      0 |   3 |  180.7 |
               +--------+--------+--------+--------+--------+-----+--------+

Top non-repeatable levels by time:
     D:1: 353 daAuts
     D:3: 142 daAuts
     D:2: 46 daAuts
